 Dungeon Crawl Stone Soup version 0.22.0-13-g43fe8f2 (webtiles) character file.

304 letownia2 the Insei (level 6, -3/48 HPs)
             Began as a Demonspawn Transmuter on Aug 16, 2018.
             Was an Initiate of Cheibriados.
             Slain by a water moccasin (7 damage)
             ... on level 4 of the Dungeon.
             The game lasted 00:11:03 (1594 turns).

letownia2 the Insei (Demonspawn Transmuter)         Turns: 1594, Time: 00:11:04

Health: -3/48      AC:  7    Str: 13    XL:     6   Next: 15%
Magic:  5/9        EV: 11    Int: 15    God:    Cheibriados [......]
Gold:   181        SH:  0    Dex: 15    Spells: 3/9 levels left

rFire    . . .     SeeInvis +     - Unarmed
rCold    . . .     Gourm    .   (no shield)
rNeg     . . .     Faith    .   h - +0 ring mail
rPois    .         Spirit   .   l - +0 helmet
rElec    .         Reflect  .   (no cloak)
rCorr    .         Harm     .   (no gloves)
MR       .....                  (no boots)
Stlth    ..........             (no amulet)
HPRegen  0.16/turn              m - ring of see invisible
MPRegen  0.11/turn              q - ring of attention (curse)

@: hasted, quick
A: rugged brown scales 1
a: Bend Time, Renounce Religion


You were on level 4 of the Dungeon.
You worshipped Cheibriados.
Cheibriados was noncommittal.
You were hungry.

You visited 2 branches of the dungeon, and saw 6 of its levels.

You collected 181 gold pieces.

Inventory:

Hand Weapons
 u - a +0 hunting sling
Missiles
 a - 6 arrows
 o - 16 sling bullets
Armour
 b - a +0 robe
 h - a +0 ring mail (worn)
 l - a +0 helmet (worn)
Jewellery
 m - a ring of see invisible (left hand)
 q - a cursed ring of attention (right hand)
Scrolls
 c - 7 scrolls of identify {unknown}
 i - a scroll of remove curse {unknown}
 k - a scroll of amnesia {unknown}
 n - a scroll of enchant armour {unknown}
 s - a scroll of teleportation {unknown}
Potions
 g - 2 potions of flight
 p - a potion of heal wounds
Comestibles
 d - 4 rations
 r - 2 chunks of flesh


   Skills:
 - Level 3.0 Fighting
 - Level 1.6 Armour
 - Level 1.7 Dodging
 + Level 5.3 Unarmed Combat
 - Level 2.0 Spellcasting
 - Level 1.7 Transmutations


You had 3 spell levels left.
You knew the following spells:

 Your Spells              Type           Power        Failure   Level  Hunger
a - Beastly Appendage     Tmut           #.....       22%         1    #......
l - Sticks to Snakes      Tmut           #.......     34%         2    ###....
p - Spider Form           Tmut/Pois      #.........   69%         3    ###....

Your spell library contained the following spells:

 Spells                   Type           Power        Failure   Level  Hunger
 Magic Dart               Conj           #...         43%         1    #......
 Iskenderun's Mystic Bla  Conj           #.......     99%         4    #####..
 Blade Hands              Tmut           #.........   99%         5    ######.
 Ice Form                 Ice/Tmut       #.......     97%         4    #####..
 Fulminant Prism          Conj/Hex       #.........   99%         4    #####..
 Dazzling Spray           Conj/Hex       #.....       80%         3    ###....
 Force Lance              Conj/Tloc      #.......     99%         4    #####..
 Searing Ray              Conj           #.....       56%         2    ###....


Dungeon Overview and Level Annotations

Branches:
Dungeon (5/15)             Temple (1/1) D:4

Altars:
Cheibriados
Hepliaklqana
Makhleb
Nemelex Xobeh
Okawaru
Sif Muna
Vehumet
Wu Jian
Xom
Yredelemnul
Zin


Innate Abilities, Weirdness & Mutations

You are partially covered in rugged brown scales. (AC +1, +3% HP)


Message History

Your magical contamination has completely faded away.
You float gracefully downwards.
You feel a little less agile now.
The water moccasin completely misses you.
You hit the water moccasin.
The water moccasin is moderately wounded.
You feel sick. The water moccasin bites you!
* * * LOW HITPOINT WARNING * * *
Unknown command.
It was a potion of curing.
You feel better.
The water moccasin bites you but does no damage.
The water moccasin bites you!
* * * LOW HITPOINT WARNING * * *
It was a potion of haste.
You feel yourself speed up.
Cheibriados forgives your accidental hurry, just this once.
The water moccasin bites you!
* * * LOW HITPOINT WARNING * * *
The water moccasin bites you but does no damage.
The water moccasin bites you!
You die...

########.##..###
...÷...........#
########.###...#############
#.............†.....#
#####...#######.###.# #...#
#.# ####...# #.# #......####
#.# # .$.....@S.###.###.#
##.......#.<.......#
#.###...#..##.##### ## #.
##......##.## . .
............# ###.........##
##### #.#....#### .....
#.#....# #### ........


You could see a water moccasin.

Vanquished Creatures
  A hound (D:4)
  A bullfrog skeleton (D:4)
  An iguana (D:4)
  Natasha (D:3)
  2 worker ants (D:4)
  Robin (D:2)
  4 adders
  2 oozes
  A ball python (D:4)
  7 bats
  4 giant cockroaches
  17 goblins
  7 hobgoblins
  3 jackals (D:2)
  4 kobolds
  3 quokkas
  5 frilled lizards
  2 rats
66 creatures vanquished.

Vanquished Creatures (collateral kills)
  A worker ant (D:4)
  A hound skeleton (D:4)
  An adder (D:3)
  A leopard gecko (D:4)
4 creatures vanquished.

Grand Total: 70 creatures vanquished

Notes
Turn   | Place    | Note
-------+----------+-------------------------------------------
     0 | D:1      | letownia2 the Demonspawn Transmuter began the quest for the Orb.
     0 | D:1      | Reached XP level 1. HP: 15/15 MP: 3/3
   117 | D:1      | Reached skill level 3 in Unarmed Combat
   204 | D:1      | Gained mutation: You are partially covered in rugged brown scales. (AC +1, +3% HP) [demonic ancestry]
   204 | D:1      | Reached XP level 2. HP: 14/21 MP: 3/5
   352 | D:2      | Noticed Robin
   405 | D:1      | Learned a level 2 spell: Sticks to Snakes
   411 | D:1      | Reached XP level 3. HP: 22/26 MP: 3/6
   429 | D:2      | Killed Robin
   627 | D:3      | Noticed Natasha
   636 | D:3      | Killed Natasha
   636 | D:3      | Reached skill level 4 in Unarmed Combat
   636 | D:3      | Reached XP level 4. HP: 14/35 MP: 1/7
  1033 | D:3      | Reached XP level 5. HP: 31/42 MP: 6/8
  1038 | D:3      | Learned a level 3 spell: Spider Form
  1093 | D:4      | Reached skill level 1 in Armour
  1210 | D:5      | Entered Level 5 of the Dungeon
  1240 | D:5      | Found a basalt altar of Yredelemnul.
  1241 | D:5      | Found a deep blue altar of Sif Muna.
  1274 | D:4      | Found a staircase to the Ecumenical Temple.
  1296 | Temple   | Entered the Ecumenical Temple
  1362 | Temple   | Became a worshipper of Cheibriados the Contemplative
  1513 | D:4      | Reached skill level 5 in Unarmed Combat
  1525 | D:4      | Reached XP level 6. HP: 23/48 MP: 6/9
  1569 | D:4      | HP: 2/48 [worker ant (3)]
  1582 | D:4      | Noticed a water moccasin
  1594 | D:4      | Slain by a water moccasin

Skill      XL: |  1  2  3  4  5 |
---------------+----------------+-----
Unarmed Combat | 3 4 5 |  5.3
Fighting       | 2 3 |  3.0
Armour         | 1 |  1.6
Dodging        | |  1.7
Spellcasting   | |  2.0
Transmutations | |  1.7

Action                   |  1- 3 |  4- 6 || total
-------------------------+-------+-------++-------
Melee: Unarmed           |   117 |   139 ||   256
       Kick              |    14 |    25 ||    39
       Headbutt          |     4 |       ||     4
       Punch             |       |     5 ||     5
 Cast: Beastly Appendage |    21 |    20 ||    41
       Sticks to Snakes  |     2 |     4 ||     6
  Use: Potion            |       |     6 ||     6
  Eat: Chunk             |       |     4 ||     4
Armor: Robe              |    17 |       ||    17
       Ring mail         |    38 |    52 ||    90
Dodge: Dodged            |    61 |    81 ||   142
